 Dungeon Crawl Stone Soup version 0.28-a0-1389-gc726bef33b (webtiles) character file.

Game seed: 15291192090958519185

28 freelancePsychic the Poker (level 3, -11/27 HPs)
             Began as a Demonspawn Wanderer on Jan 4, 2022.
             Was an Initiate of Ashenzari.
             Mangled by a kobold (15 damage)
             ... on level 2 of the Dungeon.
             The game lasted 00:02:05 (1434 turns).

freelancePsychic the Poker (Demonspawn Wanderer)    Turns: 1434, Time: 00:02:05

Health: -11/27     AC:  7    Str: 14    XL:     3   Next: 0%
Magic:  3/3        EV:  9    Int:  9    God:    Ashenzari [......]
Gold:   24         SH:  0    Dex: 16    Spells: 2/2 levels left

rFire   . . .      SeeInvis .   a - +2 spear
rCold   . . .      Faith    .   (no shield)
rNeg    . . .      Spirit   .   i - +0 scale mail
rPois   .          Reflect  .   (no helmet)
rElec   .          Harm     .   (no cloak)
rCorr   .          Rampage  .   (no gloves)
Will    .....                   d - +0 pair of boots
Stlth   ..........              (no amulet)
HPRegen 0.09/turn               (no ring)
MPRegen 0.08/turn               (no ring)

@: no status effects
A: demonic touch 1
a: Renounce Religion


You were on level 2 of the Dungeon.
You worshipped Ashenzari.
Ashenzari was noncommittal.
You visited 1 branch of the dungeon, and saw 2 of its levels.

You collected 24 gold pieces.

Inventory:

Hand Weapons
 a - a +2 spear (weapon)
 b - a +0 shortbow
Missiles
 c - 62 arrows
Armour
 d - a +0 pair of boots (worn)
 e - a +0 leather armour
 i - a +0 scale mail (worn)
Scrolls
 f - a scroll of noise {unknown}
 g - a scroll of vulnerability {unknown}
 h - a scroll of magic mapping {unknown}
 j - 2 scrolls of teleportation {unknown}
Potions
 k - a potion of attraction {unknown}
 l - a potion of curing {unknown}


   Skills:
 + Level 1.8 Fighting
 * Level 4.2 Polearms
 - Level 1.7 Bows
 - Level 1.7 Dodging
 - Level 1.0 Evocations


You had 2 spell levels left.
You didn't know any spells.
Your spell library contained the following spells:

 Spells                   Type           Power      Damage    Failure   Level
 Conjure Flame            Conj/Fire      0%         6-21      99%         3
 Ignite Poison            Fire/Tmut/Pois 0%         N/A       99%         3
 Sticky Flame             Conj/Fire      0%         2d3       100%        4


Dungeon Overview and Level Annotations

Branches:
Dungeon (2/15)

Altars:
Ashenzari


Innate Abilities, Weirdness & Mutations

Your touch may inflict minor irresistible damage on your foes.


Message History

The frilled lizard hisses angrily.
A frilled lizard is nearby!
A frilled lizard is nearby!
You reach to attack!
You hit the frilled lizard.
The frilled lizard is heavily wounded.
You miss the frilled lizard.
You touch the frilled lizard.
You kill the frilled lizard!
You have reached level 3!
Your experience leads to an increase in your attributes!
Increase (S)trength, (I)ntelligence, or (D)exterity?
You feel stronger. x2
Found a stone staircase leading down.
A kobold comes into view.
It is wielding a +2 whip of electrocution.
A kobold is nearby!
You hit the kobold but do no damage. The kobold hits you but does no damage.
You are electrocuted!!
Ouch! That really hurt!
* * * LOW HITPOINT WARNING * * *
You are too injured to fight recklessly!
You are too injured to fight recklessly!
You are too injured to fight recklessly!
You are too injured to fight recklessly!
You are too injured to fight recklessly!
You are too injured to fight recklessly!
You are too injured to fight recklessly!
You are too injured to fight recklessly!
You are too injured to fight recklessly!
You are too injured to fight recklessly!
You are too injured to fight recklessly!
You are too injured to fight recklessly!
You are too injured to fight recklessly!
You are too injured to fight recklessly!
You are too injured to fight recklessly!
You hit the kobold. Your touch misses the kobold.
The kobold is moderately wounded.
The kobold hits you with a +2 whip of electrocution.
* * * LOW HITPOINT WARNING * * *
You are electrocuted!
Ouch! That really hurt!
You die...

### #.. #.#
##>############
#.............#
#..##########.#
#.# #.@# #.#
#.# #.K# #.#
#.# #..#
#######.###.#
#..#
#.........#.#
#...
..#####.#.#.#
#.## #.#†#.# #.
#.#._#. #.
#.#.#.# #.#.###


You could see a kobold.

Vanquished Creatures
  A dart slug (D:1)
  A ball python (D:1)
  3 endoplasms (D:1)
  2 goblins (D:1)
  2 hobgoblins (D:1)
  4 jackals (D:1)
  3 quokkas
  2 frilled lizards
  A kobold (D:1)
  4 rats
23 creatures vanquished.

Notes
Turn   | Place    | Note
-------+----------+-------------------------------------------
     0 | D:1      | freelancePsychic the Demonspawn Wanderer began the quest
                  | for the Orb.
     0 | D:1      | freelancePsychic set off with the following items: a +2
                  | spear, a +0 shortbow, 21 arrows, a +0 pair of boots, a +0
                  | leather armour
     0 | D:1      | Reached XP level 1. HP: 15/15 MP: 1/1
   292 | D:1      | Gained mutation: Your touch may inflict minor irresistible
                  | damage on your foes. [demonic ancestry]
   292 | D:1      | Reached XP level 2. HP: 16/21 MP: 2/2
   497 | D:1      | Reached skill level 4 in Polearms
   520 | D:1      | Found a broken altar of Ashenzari.
   549 | D:1      | Became a worshipper of Ashenzari the Shackled
  1407 | D:2      | Found a faded altar of an unknown god.
  1422 | D:2      | Reached XP level 3. HP: 27/27 MP: 3/3
  1434 | D:2      | Mangled by a kobold

Illustrated notes

Levels and vault maps discovered:
D:1:      grunt_arrival_lava_bath, layout_loops_corners,
          chequers_serial_rivers_large_a, st_stairs_8, amcnicky_mini_pool_small,
          minmay_hexomino_r4
D:2:      cheibrodos_greedy_goblins, layout_loops_ring, basic_ecumenical_altar,
          uniq_robin, uniq_natasha, uniq_crazy_yiuf_cottage

Skill      XL: |  1  2 |
---------------+-------+-----
Polearms       | 4 |  4.2
Fighting       | |  1.8
Bows           | |  1.7
Dodging        | |  1.7
Evocations     | |  1.0

Action                   || total
-------------------------++-------
Melee: Spear             ||    60
       Touch             ||     4
 Fire: Shortbow          ||     2
Armor: Leather armour    ||    10
       Scale mail        ||     1
Dodge: Dodged            ||    17

Table legend: (Time is in decaauts)
 A = Elapsed time spent in this place.
 B = Non-inter-level travel time spent in this place.
 C = Inter-level travel time spent in this place.
 D = Time resting spent in this place.
 E = Time spent auto-exploring this place.
 F = Levels seen in this place.
 G = Mean time per level.
                   A        B        C        D        E       F      G
               +--------+--------+--------+--------+--------+-----+--------+
         Total |   1437 |   1355 |     82 |      0 |   1207 |   2 |  718.5 |
       Dungeon |   1437 |   1355 |     82 |      0 |   1207 |   2 |  718.5 |
               +--------+--------+--------+--------+--------+-----+--------+

Top non-repeatable levels by time:
     D:1: 1345 daAuts
     D:2: 92 daAuts
